 Dungeon Crawl Stone Soup version 0.28-a0-1227-ga9037bb4c8 (webtiles) character file.

Game seed: 6008576150099932360

380 bearlyready the Skirmisher (level 6, -1/78 HPs)
             Began as a Demonspawn Brigand on Dec 22, 2021.
             Slain by a mummy (11 damage)
             ... in an ossuary.
             The game lasted 00:04:57 (3827 turns).

bearlyready the Skirmisher (Demonspawn Brigand)     Turns: 3827, Time: 00:04:57

Health: -1/78      AC: 23    Str: 11    XL:     6   Next: 46%
Magic:  0/6        EV:  2    Int: 12    God:
Gold:   137        SH:  5    Dex: 17    Spells: 5/5 levels left

rFire   . . .      SeeInvis .   A - +4 dagger
rCold   . . .      Faith    .   m - +0 buckler
rNeg    . . .      Spirit   +   (armour currently unavailable)
rPois   +          Reflect  .   (helmet currently unavailable)
rElec   .          Harm     .   (cloak currently unavailable)
rCorr   .          Rampage  .   (gloves currently unavailable)
Will    .....      NoTele   +   (boots currently unavailable)
Stlth   +++.......              t - amulet of guardian spirit
HPRegen 0.23/turn               (no ring)
MPRegen 0.10/turn               (no ring)

@: brilliant, tree-form, marked
A: stationary, stasis, torment immunity, boosted hp, (claws 1), rugged brown
scales 1, foul stench 1, (spiny 1)
a: no special abilities


You were in an ossuary.
You were a tree.
You visited 1 branch of the dungeon, and saw 4 of its levels.
You also visited: Ossuary.

You collected 137 gold pieces.

Inventory:

Hand Weapons
 a - a +2 dagger
 o - a +2 vampiric dagger
 x - a +0 hunting sling
 A - a +4 dagger (weapon)
Missiles
 d - 39 poisoned darts (quivered)
 j - 69 stones
 u - 24 sling bullets
 C - 2 curare-tipped darts
Armour
 b - a +0 robe
 c - a +0 cloak (melded)
 e - a +1 ring mail of willpower
 g - a +0 ring mail
 m - a +0 buckler (worn)
 y - a +1 ring mail of fire resistance (melded)
 z - a +0 helmet (melded)
Jewellery
 t - an amulet of guardian spirit (around neck)
 B - the amulet "Kirop" {RegenMP rN++ MP-9}
   (You found it on level 4 of the Dungeon)

   [amulet of magic regeneration]

   It increases your rate of magic regeneration.
   rN:        It greatly protects you from negative energy.
   MP:        It affects your magic capacity (-9).
Scrolls
 f - a scroll of vulnerability {unknown}
 k - a scroll of enchant weapon {unknown}
 n - a scroll of blinking
 p - a scroll of teleportation
Potions
 i - a potion of haste {unknown}
 l - a potion of mutation {unknown}
 r - a potion of cancellation {unknown}
 s - a potion of heal wounds {unknown}
 v - a potion of brilliance
 w - a potion of lignification


   Skills:
 + Level 5.5 Fighting
 - Level 2.2 Short Blades
 - Level 1.7 Throwing
 - Level 0.8 Dodging
 - Level 3.6 Stealth
 + Level 3.3 Shields


You had 5 spell levels left.
You didn't know any spells.
Your spell library was empty.

Dungeon Overview and Level Annotations

Branches:
Dungeon (4/15)            Ossuary (1/1)
 Temple: D:4-7

Altars:
Elyvilon
Fedhas

Annotations:
D:4 1 runed translucent door, ytrimaz's ghost, novice DgTm


Innate Abilities, Weirdness & Mutations

You are a tree.
Your roots penetrate the ground, keeping you stationary.
You cannot be teleported.
You are immune to unholy pain and torment.
Your maximum health is greatly increased.
Your equipment is partially melded.
((You have sharp fingernails.))
(You are partially covered in rugged brown scales. (AC +1, +3% HP))
You may rarely emit foul miasma when damaged in melee.
((You are partially covered in sharp spines.))


Message History

* * * LOW HITPOINT WARNING * * *
The centaur zombie kicks you but does no damage.
The centaur zombie hits you but does no damage.
The centaur zombie kicks you but does no damage.
It was a potion of brilliance.
You feel clever all of a sudden.
You block the centaur zombie's attack. x2
The centaur zombie hits you but does no damage.
The centaur zombie kicks you but does no damage.
The mummy hits you but does no damage.
You hit the centaur zombie.
The centaur zombie is almost destroyed.
The centaur zombie hits you but does no damage.
The centaur zombie kicks you but does no damage.
The centaur zombie completely misses you.
The centaur zombie kicks you but does no damage.
You barely miss the centaur zombie.
The centaur zombie is almost destroyed.
You block the centaur zombie's attack. x2
The centaur zombie hits you but does no damage.
The centaur zombie kicks you but does no damage.
The mummy completely misses you.
You hit the mummy.
The mummy is lightly damaged.
The centaur zombie completely misses you.
The centaur zombie kicks you but does no damage.
You block the centaur zombie's attack. x3
The centaur zombie kicks you but does no damage.
You barely miss the mummy.
The mummy is lightly damaged.
The mummy hits you!
* * * LOW HITPOINT WARNING * * *
The centaur zombie hits you.
* * * LOW HITPOINT WARNING * * *
The centaur zombie kicks you but does no damage.
You feel better.
The centaur zombie hits you but does no damage.
The centaur zombie kicks you but does no damage.
The mummy hits you!
You die...

#####
###########♣#.#.#.
##........MMMZZ..^..
#..........ZZZ^^^..^
#.....∩.∩..^.^......
#.........^........^
##..................
###########.#.#.#.#
#########


You could see 3 mummies, 2 hobgoblin zombies and 3 centaur zombies.

Vanquished Creatures
  Edmund (D:4)
  A centaur zombie (Ossuary)
  Terence (D:3)
  A hound zombie (D:3)
  2 hound skeletons (D:4)
  Robin (D:3)
  5 adders
  A worm (D:3)
  5 dart slugs
  7 orcs
  9 ball pythons
  8 endoplasms
  7 giant cockroaches
  11 goblins
  13 hobgoblins
  2 jackals (D:3)
  11 kobolds
  A quokka (D:2)
  2 bats (D:1)
  4 frilled lizards
  5 rats
98 creatures vanquished.

Vanquished Creatures (others)
  20 plants
20 creatures vanquished.

Grand Total: 118 creatures vanquished

Notes
Turn   | Place    | Note
-------+----------+-------------------------------------------
     0 | D:1      | bearlyready the Demonspawn Brigand began the quest for the
                  | Orb.
     0 | D:1      | Reached XP level 1. HP: 16/16 MP: 1/1
   256 | D:1      | Gained mutation: You are partially covered in rugged brown
                  | scales. (AC +1, +3% HP) [demonic ancestry]
   256 | D:1      | Reached XP level 2. HP: 16/22 MP: 2/2
   678 | D:1      | Reached skill level 3 in Fighting
   696 | D:1      | Gained mutation: You have sharp fingernails. [demonic
                  | ancestry]
   696 | D:1      | Reached XP level 3. HP: 23/29 MP: 3/3
   788 | D:1      | Found a faded altar of an unknown god.
  1808 | D:2      | Reached XP level 4. HP: 34/38 MP: 4/4
  2153 | D:2      | Reached skill level 4 in Fighting
  2287 | D:3      | Reached skill level 1 in Shields
  2745 | D:3      | Noticed Terence
  2755 | D:3      | Killed Terence
  2756 | D:3      | Gained mutation: You may rarely emit foul miasma when
                  | damaged in melee. [demonic ancestry]
  2756 | D:3      | Reached XP level 5. HP: 31/44 MP: 5/5
  2851 | D:3      | Noticed Robin
  2881 | D:3      | Killed Robin
  3102 | D:3      | Found a blossoming altar of Fedhas.
  3470 | D:4      | Identified the amulet "Kirop" {RegenMP rN++ MP-9}
  3528 | D:4      | Found a runed translucent door.
  3540 | D:4      | Noticed ytrimaz's ghost (novice DgTm)
  3554 | D:4      | Noticed Edmund
  3601 | D:4      | Killed Edmund
  3602 | D:4      | Reached skill level 5 in Fighting
  3602 | D:4      | Gained mutation: You are partially covered in sharp spines.
                  | [demonic ancestry]
  3602 | D:4      | Reached XP level 6. HP: 21/52 MP: 1/6
  3787 | D:4      | Found a sand-covered staircase.
  3794 | D:4      | Noticed a hornet
  3797 | Ossuary  | Entered an ossuary
  3827 | Ossuary  | Slain by a mummy

Illustrated notes

Levels and vault maps discovered:
D:1:      minmay_arrival_four_houses, layout_rooms,
          dreamdust_ecumenical_altar_angels_and_demons
D:2:      layout_basic, supply_closet_lemuel
D:3:      minmay_door_path, layout_loops_ring, nicolae_elyvilon_temple_path,
          fedhas_altar_2, uniq_terence, uniq_robin
D:4:      corexii_shack_village, layout_cave_pools,
          nicolae_wu_jian_immortal_techniques, ebering_ghost_reflecting_pool,
          lightli_ossuary_entry_decrepit_ruins, serial_bayou,
          serial_bayou_pond_b, serial_bayou_shore_b, serial_bayou_pond_b,
          serial_bayou_lagoon_a, serial_bayou_pond_d, serial_bayou_shore_b,
          uniq_edmund, uniq_menkaure
Ossuary:  ossuary_the_hunt_dpeg

Skill      XL: |  1  2  3  4  5 |
---------------+----------------+-----
Short Blades   | 2 |  2.2
Fighting       | 3 4 5 |  5.5
Shields        | 1 3 |  3.3
Throwing       | |  1.7
Dodging        | |  0.8
Stealth        | |  3.6

Action                   |  1- 3 |  4- 6 || total
-------------------------+-------+-------++-------
Melee: Dagger            |   167 |   218 ||   385
Throw: Dart              |     5 |    16 ||    21
  Use: Scroll            |       |     2 ||     2
       Potion            |       |     4 ||     4
 Stab: Sleeping          |     4 |     5 ||     9
       Distracted        |       |     1 ||     1
Armor: Ring mail         |    59 |    92 ||   151
       Robe              |     3 |       ||     3
       Skin              |       |    24 ||    24
Dodge: Dodged            |    68 |   123 ||   191
Block: Buckler           |       |    36 ||    36

Table legend: (Time is in decaauts)
 A = Elapsed time spent in this place.
 B = Non-inter-level travel time spent in this place.
 C = Inter-level travel time spent in this place.
 D = Time resting spent in this place.
 E = Time spent auto-exploring this place.
 F = Levels seen in this place.
 G = Mean time per level.
                   A        B        C        D        E       F      G
               +--------+--------+--------+--------+--------+-----+--------+
         Total |   3787 |   3698 |     89 |      0 |   2771 |   5 |  757.4 |
       Dungeon |   3760 |   3671 |     89 |      0 |   2771 |   4 |  940.0 |
       Ossuary |     27 |     27 |      0 |      0 |      0 |   1 |   27.0 |
               +--------+--------+--------+--------+--------+-----+--------+

Top non-repeatable levels by time:
     D:2: 1218 daAuts
     D:3: 1051 daAuts
     D:1: 1024 daAuts
     D:4: 465 daAuts
 Ossuary: 27 daAuts
